 Dungeon Crawl Stone Soup version 0.29-a0-284-gf9362112df (webtiles) character file.

Game seed: 3650110708005701309

10 spaghetti the Cutter (level 2, -1/20 HPs)
             Began as a Vampire Berserker on Mar 22, 2022.
             Was a Follower of Trog.
             Slain by a gnoll
             ... wielding a +0 whip
              (9 damage)
             ... on level 1 of the Dungeon.
             The game lasted 00:00:55 (508 turns).

spaghetti the Cutter (Vampire Berserker)             Turns: 508, Time: 00:00:56

Health: -1/20      AC:  2    Str: 16    XL:     2   Next: 10%
Magic:  2/2        EV: 12    Int:  9    God:    Trog [*.....]
Gold:   24         SH:  0    Dex: 13    Spells: 1/1 levels left

rFire   . . .      SeeInvis +   a - +0 short sword {short}
rCold   . . .      Faith    .   (no shield)
rNeg    . . .      Spirit   .   b - +0 animal skin
rPois   .          Reflect  .   (no helmet)
rElec   .          Harm     .   (no cloak)
rCorr   .          Rampage  .   (no gloves)
Will    .....                   (no boots)
Stlth   ++........              (no amulet)
HPRegen 0.26/turn               (no ring)
MPRegen 0.08/turn               (no ring)

@: on berserk cooldown, healing quickly, slowed, very slow
A: alive, fangs 3, see invisible, vampiric 1, [frail 1]
a: Exsanguinate, Renounce Religion, Berserk


You were on level 1 of the Dungeon.
You worshipped Trog.
Trog was aware of your devotion.
You visited 1 branch of the dungeon, and saw 1 of its levels.

You collected 24 gold pieces.


Innate Abilities, Weirdness & Mutations

Your natural rate of healing is accelerated.
You have razor-sharp teeth.
You have supernaturally acute eyesight. (SInv)
You are afflicted with vampirism.
[You are frail. (-10% HP)]


   Skills:
 - Level 2.6 Fighting
 - Level 3.2 Short Blades
 - Level 1.5 Armour
 - Level 2.1 Dodging
 + Level 3.0 Stealth


You had one spell level left.
You didn't know any spells.
Your spell library contained the following spells:

 Spells                   Type           Power      Damage    Failure   Level
 Inner Flame              Hex/Fire       0%         N/A       77%         3
 Cause Fear               Hex            0%         N/A       99%         4
 Discord                  Hex            0%         N/A       100%        8

Inventory:

Hand Weapons
 a - a +0 short sword (weapon) {short}
Armour
 b - a +0 animal skin (worn)
Scrolls
 c - a scroll of enchant weapon {unknown}

Dungeon Overview and Level Annotations

Branches:
Dungeon (1/15)

Altars:

######### .......>#
#.....#.### #.....#...#
#.....#.#.# ##+###+####
#.....#†#.# #.........#
#.....#.#.###...@.....#
####............g.....#
# #.####.##..........#
# #......##..........#
#########.......(..#
#..........#
#.........?#
#........(.# #.........


You could see a gnoll (poisoned).


Message History

The bat hits you. 😮 HP[-1]
You take 1 damage, and now have 15/22 hp.
You miss the bat. The bat hits you.
You puncture the bat!
You kill the bat!
Trog accepts your kill.
You have reached level 2! 😮 HP[+5] MP[+1]
You now have 30 max hp (+8).
You regained 5 hp, and now have 20/30 hp.
Your mp is fully restored (2).
You start resting.
You feel a strong urge to attack something.
You are no longer berserk.
You are exhausted.
You feel yourself slow down.
You now have 20 max hp (-10).
You feel yourself speed up.
You pick up a book of Hexes {forbidden} and begin reading...
You add the spells Inner Flame, Cause Fear and Discord to your library.
You now have 24 gold pieces (gained 10).
You recover from your berserk rage.
You open the door. You open the door.
There is an open door here.
Found a stone staircase leading down.
There is a stone staircase leading down here.
There is a stone staircase leading down here.
Found a stone staircase leading down.
A bat and a quokka come into view.
There are monsters nearby!
There are monsters nearby!
There are monsters nearby!
A red film seems to cover your vision as you go berserk!
You feel yourself moving faster!
You feel mighty! The bat closely misses you.
The quokka twitches its whiskers. 😎 HP[+10]
You now have 30 max hp (+10).
Your hp is fully restored (30).
You closely miss the bat. Your bite misses the bat. The bat misses you.
No target in range!
No target in range!
No target in range!
No target in range!
No target in range!
No target in range!
No target in range!
No target in range!
No target in range!
No target in range!
No target in range!
No target in range!
No target in range!
No target in range!
The bat closely misses you. The quokka barely misses you.
You puncture the quokka!
You kill the quokka!
Trog accepts your kill.
Your Stealth skill increases to level 3!
No target in view!
Calm down first, please.
You see here a quokka corpse.
You feel a strong urge to attack something.
You closely miss the bat. The bat barely misses you.
The bat closely misses you.
You closely miss the bat. The bat misses you.
You miss the bat. You bite the bat.
You kill the bat!
Trog accepts your kill.
You start waiting.
You feel a strong urge to attack something.
You are no longer berserk.
You are exhausted.
You feel yourself slow down. 😎 HP[-10]
You now have 20 max hp (-10).
Unknown command.
A gnoll comes into view. It is wielding a +0 whip.
A gnoll is nearby!
A gnoll is nearby!
The gnoll shouts!
You throw a poisoned dart {throwing}.
The poisoned dart {throwing} closely misses the gnoll.
You throw a poisoned dart {throwing}.
The poisoned dart {throwing} hits the gnoll.
The gnoll is poisoned.
You throw a poisoned dart {throwing}.
The poisoned dart {throwing} completely misses the gnoll.
You hit the gnoll but do no damage. The gnoll hits you with a +0 whip!
The gnoll hits you with a +0 whip.
* * * LOW HITPOINT WARNING * * *
You are too injured to fight recklessly!
You are too injured to fight recklessly!
You are too injured to fight recklessly! 😨 HP[-12]
You take 12 damage, and now have 8/20 hp.
MASSIVE DAMAGE!! (PAUSE) You're still recovering from your berserk rage.
You hit the gnoll. The gnoll hits you with a +0 whip!
You die...

Skill      XL: |  1  2 |
---------------+-------+-----
Stealth        | 2 3 |  3.0
Fighting       | |  2.6
Short Blades   | |  3.2
Armour         | |  1.5
Dodging        | |  2.1

Action                   || total
-------------------------++-------
Melee: Short sword       ||    28
       Bite              ||     4
Throw: Dart              ||     3
Invok: Berserk           ||     3
 Abil: Exsanguinate      ||     1
       Revivify          ||     1
 Stab: Sleeping          ||     2
Armor: Animal skin       ||     8
Dodge: Dodged            ||    28

Levels and vault maps discovered:
D:1:      ebering_hopf_link, layout_basic

Notes
Turn   | Place    | Note
-------+----------+-------------------------------------------
     0 | D:1      | spaghetti the Vampire Berserker began the quest for the
                  | Orb.
     0 | D:1      | Reached XP level 1. HP: 17/17 MP: 1/1
     0 | D:1      | magus.rc [v1.9.6]
    63 | D:1      | HP: 3/13 [hobgoblin (2)]
    65 | D:1      | Reached skill level 1 in Stealth
   352 | D:1      | Reached skill level 2 in Stealth
   378 | D:1      | Reached XP level 2. HP: 20/20 MP: 2/2
   402 | D:1      | You pick up a book of Hexes {forbidden} and begin
                  | reading...
   402 | D:1      | You add the spells Inner Flame, Cause Fear and Discord to
                  | your library.
   483 | D:1      | Reached skill level 3 in Stealth
   508 | D:1      | Slain by a gnoll

Vanquished Creatures
  3 ball pythons (D:1)
  A hobgoblin (D:1)
  A quokka (D:1)
  3 bats (D:1)
  2 rats (D:1)
10 creatures vanquished.

Table legend:
 A = Non-vault XP
 B = Vault XP
 C = Vault XP percentage of total XP
 D = Non-vault monster count
 E = Vault monster count
 F = Vault count percentage of total count
                 A         B        C        D         E       F
            +---------+---------+-------+---------+---------+-------
      Total |      15 |       0 |   0.0 |      10 |       0 |   0.0
            +---------+---------+-------+---------+---------+-------
        D:1 |      15 |       0 |   0.0 |      10 |       0 |   0.0
            +---------+---------+-------+---------+---------+-------

Illustrated notes

Table legend:
 A = Kills in this place as a percentage of kills in entire the game.
 B = Kills by you in this place as a percentage of kills by you in the entire game.
 C = Kills by friends in this place as a percentage of kills by friends in the entire game.
 D = Other kills in this place as a percentage of other kills in the entire game.
 E = Experience gained in this place as a percentage of experience gained in the entire game.
 F = Experience gained in this place divided by the number of levels of this place that you have seen.
                   A       B       C       D       E      F
               +-------+-------+-------+-------+-------+----------------------
         Total | 100.0 | 100.0 |   N/A |   N/A | 100.0 |  15.0
       Dungeon | 100.0 | 100.0 |   N/A |   N/A | 100.0 |  15.0
               +-------+-------+-------+-------+-------+----------------------

Table legend: (Time is in decaauts)
 A = Elapsed time spent in this place.
 B = Non-inter-level travel time spent in this place.
 C = Inter-level travel time spent in this place.
 D = Time resting spent in this place.
 E = Time spent auto-exploring this place.
 F = Levels seen in this place.
 G = Mean time per level.
                   A        B        C        D        E       F      G
               +--------+--------+--------+--------+--------+-----+--------+
         Total |    529 |    529 |      0 |    268 |    172 |   1 |  529.0 |
       Dungeon |    529 |    529 |      0 |    268 |    172 |   1 |  529.0 |
               +--------+--------+--------+--------+--------+-----+--------+

Top non-repeatable levels by time:
     D:1: 529 daAuts
